Map: [ESL] Moondance

Players

trigger

  • Race: Protoss Protoss
  • League: Master
  • Spawn Location: 6:00

HeroMarine - Winner!

  • Race: Terran Terran
  • Spawn Location: 12:00

Event: TSL 9

VOD

Have the link to the VOD?

Description

Time

  • Played on: Aug. 6, 2022, 8:02 a.m.
  • Length: 7:17
Show
View Real Time Build Order
Export as new Build Order

trigger Protoss 

Build Orders: 1 Gate Expand, Blink Stalkers 

Get SALT Encoding   

  12  0:00  Probe  
  13  0:12  Probe  
  14  0:17  Pylon  
  14  0:24  Probe (Chrono Boost)  
  15  0:36  Gateway  
  15  0:37  Probe (Chrono Boost)  
  16  0:43  Probe (Chrono Boost)  
  16  0:45  Assimilator  
  17  0:52  Probe  
  18  1:04  Probe  
  19  1:16  Probe  
  20  1:24  Cybernetics Core  
  20  1:30  Nexus  
  20  1:33  Probe  
  21  1:41  Pylon  
  21  1:46  Probe  
  22  1:49  Assimilator  
  22  1:58  Probe, Stalker (Chrono Boost)  
  25  2:02  Warp Gate  
  25  2:10  Probe  
  26  2:20  Stalker  
  28  2:23  Probe (Chrono Boost)  
  29  2:35  Probe (Chrono Boost)  
  30  2:42  Twilight Council  
  30  2:43  Probe (Chrono Boost)  
  32  2:45  Probe (Chrono Boost)  
  32  2:50  Probe (Chrono Boost)  
  32  2:51  Pylon  
  33  2:54  Probe (Chrono Boost)  
  33  2:57  Stalker  
  38  3:06  Probe (Chrono Boost)  
  38  3:07  Probe (Chrono Boost)  
  38  3:11  Robotics Facility  
  38  3:13  Probe x2 (Chrono Boost)  
  40  3:22  Gateway  
  40  3:24  Probe  
  40  3:25  Probe  
  42  3:28  Gateway  
  42  3:36  Probe  
  42  3:37  Probe, Blink (Chrono Boost)  
  42  3:39  Pylon  
  44  3:48  Probe  
  44  3:49  Probe  
  44  3:51  Stalker  
  48  3:57  Warp Prism (Chrono Boost)  
  48  4:00  Probe  
  51  4:06  Probe  
  51  4:07  Assimilator  
  52  4:14  Stalker  
  52  4:15  Probe  
  55  4:19  Pylon  
  50  4:24  Stalker  
  50  4:28  Stalker  
  52  4:33  Probe x2  
  55  4:45  Probe x2  
  55  4:48  Stalker  
  55  4:51  Stalker  
  59  4:58  Probe  
  61  5:00  Probe  
  61  5:08  Nexus  
  61  5:10  Probe  
  62  5:15  Probe  
  63  5:22  Probe  
  61  5:28  Stalker  
  61  5:29  Stalker x2  
  60  5:48  Pylon  
  60  5:51  Shield Battery  
  60  5:52  Stalker  
  60  5:54  Pylon  
  52  6:12  Stalker x2  
  52  6:14  Probe  
  47  6:26  Probe  
  47  6:32  Stalker  
  46  6:37  Stalker x2  
  46  6:38  Probe  
  44  6:50  Probe  
  32  7:02  Probe  
Show
View Real Time Build Order
Export as new Build Order

HeroMarine Terran - Winner!

Build Orders: Liberator Opening 

Get SALT Encoding   

  12  0:00  SCV  
  13  0:12  SCV  
  14  0:18  Supply Depot  
  14  0:24  SCV  
  15  0:40  SCV  
  15  0:41  Barracks  
  16  0:44  Refinery  
  16  0:52  SCV  
  16  0:53  Refinery  
  18  1:04  SCV  
  18  1:16  SCV  
  19  1:28  Reaper  
  19  1:29  Orbital Command  
  20  1:36  Supply Depot  
  20  1:42  Factory  
  20  1:55  SCV  
  20  2:00  Barracks Reactor  
  21  2:07  SCV  
  22  2:17  Command Center  
  22  2:20  SCV  
  23  2:32  SCV  
  23  2:33  Hellion  
  25  2:39  Starport  
  25  2:40  Marine  
  25  2:41  Marine  
  27  2:44  SCV  
  27  2:50  Supply Depot  
  28  2:56  SCV  
  28  2:57  Widow Mine  
  31  3:11  SCV, Marine x2  
  34  3:16  Medivac  
  34  3:19  Factory Tech Lab  
  36  3:23  SCV  
  37  3:29  Marine x2  
  39  3:35  SCV  
  39  3:38  Siege Tank  
  39  3:41  Supply Depot  
  43  3:48  Orbital Command  
  43  3:54  Marine x2  
  45  3:56  Liberator  
  45  3:58  SCV  
  49  4:10  SCV  
  49  4:12  Siege Tank, Marine x2  
  49  4:16  SCV  
  54  4:26  SCV  
  54  4:28  Supply Depot, SCV  
  54  4:30  Marine x2  
  58  4:35  Supply Depot  
  58  4:38  SCV  
  58  4:39  Viking  
  58  4:40  SCV  
  62  4:49  Marine  
  62  4:50  Siege Tank  
  62  4:51  SCV  
  62  4:52  SCV  
  68  4:54  Supply Depot  
  68  4:55  Marine  
  69  5:03  Supply Depot, SCV  
  69  5:04  SCV  
  71  5:07  Marine  
  71  5:10  Viking  
  71  5:12  Marine  
  75  5:15  SCV  
  75  5:16  SCV  
  75  5:25  Marine  
  75  5:27  SCV  
  74  5:28  SCV  
  74  5:30  Marine  
  75  5:37  Bunker  
  75  5:39  SCV  
  75  5:40  SCV  
  76  5:43  Marine  
  76  5:48  Marine  
  78  5:51  SCV  
  78  5:52  SCV, Siege Tank  
  78  5:56  Viking  
  85  6:01  Marine  
  85  6:03  SCV  
  86  6:05  SCV  
  86  6:06  Marine  
  86  6:15  SCV  
  86  6:17  SCV  
  86  6:18  Marine  
  86  6:24  Marine  
  85  6:27  SCV  
  85  6:29  SCV  
  84  6:35  Command Center, Siege Tank  
  84  6:36  Marine  
  84  6:39  SCV  
  87  6:41  SCV, Marine  
  86  6:52  SCV  
  87  6:54  Marine  
Tags
 
Add a new tag
Caveats
  • Supply blocks, unpowered buildings, or Contaminate may cause inaccurate times.
  • Supply counts are checked every 10 seconds.